 Dungeon Crawl Stone Soup version 0.28.0-53-g5a82cb258f (webtiles) character file.

Game seed: 9975635881189753078

69 H0rd4k the Charlatan (level 4, -5/33 HPs)
             Began as a Human Artificer on July 20, 2022.
             Slain by a worm (8 damage)
             ... on level 2 of the Dungeon.
             The game lasted 00:01:35 (2122 turns).

H0rd4k the Charlatan (Human Artificer)              Turns: 2122, Time: 00:01:35

Health: -5/33      AC:  3    Str: 12    XL:     4   Next: 42%
Magic:  4/4        EV: 11    Int: 13    God:
Gold:   34         SH:  0    Dex: 14    Spells: 3/3 levels left

rFire   . . .      SeeInvis .   n - +0 whip (elec)
rCold   . . .      Faith    .   (no shield)
rNeg    . . .      Spirit   .   b - +0 leather armour
rPois   .          Reflect  .   (no helmet)
rElec   .          Harm     .   (no cloak)
rCorr   .          Rampage  .   (no gloves)
Will    .....                   (no boots)
Stlth   +.........              (no amulet)
HPRegen 0.11/turn               (no ring)
MPRegen 0.09/turn               (no ring)

@: no status effects
A: no striking features
a: no special abilities


You were on level 2 of the Dungeon.
You visited 1 branch of the dungeon, and saw 2 of its levels.

You collected 34 gold pieces.

Inventory:

Hand Weapons
 g - a +0 mace
 n - a +0 whip of electrocution (weapon)
Armour
 b - a +0 leather armour (worn)
Wands
 c - a wand of flame (13) (quivered)
 d - a wand of charming (15)
Scrolls
 a - a scroll of immolation {unknown}
 h - a scroll of identify {unknown}
 i - a scroll of vulnerability {unknown}
 k - a scroll of magic mapping {unknown}
 m - a scroll of fear {unknown}
Potions
 f - a potion of resistance {unknown}
 j - a potion of curing {unknown}
 l - a potion of ambrosia {unknown}
Miscellaneous
 e - a piece from Xom's chessboard (15/15)


   Skills:
 + Level 1.7 Fighting
 + Level 2.1 Maces & Flails
 - Level 2.0 Armour
 + Level 1.4 Dodging
 - Level 1.0 Stealth
 + Level 3.7 Evocations


You had 3 spell levels left.
You didn't know any spells.
Your spell library was empty.

Dungeon Overview and Level Annotations

Branches:
Dungeon (2/15)

Altars:


Message History

The adder is severely wounded.
The adder bites you.
You are poisoned.
The adder poisons you! The adder bites you.
You completely miss the adder.
The adder is severely wounded.
You feel sick. The adder bites you but does no damage.
You hit the adder.
The adder is almost dead.
You feel sick. The adder bites you.
You are more poisoned.
The adder poisons you!
You hit the adder.
You kill the adder!
You feel very sick.
You hit the worm. Lightning courses through the worm!
The worm is severely wounded.
You feel sick.
You hit the worm.
The worm is severely wounded.
You feel sick. The worm barely misses you.
You barely miss the worm.
The worm is severely wounded.
You feel sick. The worm bites you but does no damage.
You hit the worm but do no damage. You punch the worm.
The worm is almost dead.
You feel sick.
You barely miss the worm.
The worm is almost dead.
You feel sick. The worm bites you.
* * * LOW HITPOINT WARNING * * *
You hit the worm.
The worm is almost dead.
You feel sick.
You barely miss the worm.
The worm is almost dead.
You feel sick.
You are no longer poisoned.
The worm bites you!
You die...

#..###.# ..
.......# #.#
#.)....##.#.# #
............# .#
#.#.#.#####.# #.#
#..##.# #.# ##..
#.###.# #.####.#
#..##.## #......#
#..#...####..###@#
#....#.......#
##w..#
##.#...####.##
#.## #.##.## #.#
.# ##.##.#####.# #
.........##.#
########.##.#
#.##.# #....#


You could see a worm.

Vanquished Creatures
  An adder (D:2)
  A gnoll (D:1)
  3 dart slugs (D:1)
  2 ball pythons (D:1)
  5 endoplasms (D:1)
  7 goblins (D:1)
  2 hobgoblins (D:1)
  3 jackals (D:1)
  4 kobolds
  3 quokkas (D:1)
  2 bats (D:1)
  4 frilled lizards (D:1)
  3 rats (D:1)
40 creatures vanquished.

Notes
Turn   | Place    | Note
-------+----------+-------------------------------------------
     0 | D:1      | H0rd4k the Human Artificer began the quest for the Orb.
     0 | D:1      | Reached XP level 1. HP: 15/15 MP: 1/1
   292 | D:1      | Reached XP level 2. HP: 18/21 MP: 2/2
   605 | D:1      | Reached skill level 1 in Maces & Flails
   605 | D:1      | Reached XP level 3. HP: 10/26 MP: 3/3
   948 | D:1      | Found a faded altar of an unknown god.
  1074 | D:1      | HP: 1/26 [dart slug (1)]
  1079 | D:1      | Reached XP level 4. HP: 2/32 MP: 4/4
  2122 | D:2      | Slain by a worm

Illustrated notes

Levels and vault maps discovered:
D:1:      dpeg_arrival_morbid_curiosity, layout_basic,
          ebering_ecumenical_altar_mist
D:2:      layout_loops_ring, item_on_display_a, uniq_robin, uniq_natasha,
          uniq_jessica

Skill      XL: |  1  2  3  4 |
---------------+-------------+-----
Maces & Flails | 1 2 |  2.1
Fighting       | |  1.7
Armour         | |  2.0
Dodging        | |  1.4
Stealth        | |  1.0
Evocations     | |  3.7

Action                   |  1- 3 |  4- 6 || total
-------------------------+-------+-------++-------
Melee: Club              |    33 |       ||    33
       Mace              |    71 |    28 ||    99
       Punch             |     1 |     1 ||     2
       Whip              |       |    21 ||    21
Evoke: Wand              |     2 |       ||     2
 Stab: Sleeping          |     1 |       ||     1
Armor: Leather armour    |    51 |    14 ||    65
Dodge: Dodged            |    92 |    27 ||   119
